 Dungeon Crawl Stone Soup version 0.22-a0-609-gfedc9ff77b (webtiles) character file.

21 Kholdaimon the Caller (level 2, -5/16 HPs)
             Began as a Tengu Summoner on July 10, 2018.
             Slain by a gnoll
             ... wielding a +0 spear
              (6 damage)
             ... on level 2 of the Dungeon.
             The game lasted 00:09:00 (1153 turns).

Kholdaimon the Caller (Tengu Summoner)              Turns: 1153, Time: 00:09:01

Health: -5/16      AC:  2    Str:  8    XL:     2   Next: 83%
Magic:  1/6        EV: 13    Int: 15    God:
Gold:   34         SH:  0    Dex: 14    Spells: 2/5 levels left

rFire    . . .     SeeInvis .   h - +0 short sword
rCold    . . .     Gourm    .   (no shield)
rNeg     . . .     Faith    .   a - +0 robe
rPois    .         Spirit   .   (helmet restricted)
rElec    .         Reflect  .   (no cloak)
rCorr    .         Harm     .   (no gloves)
MR       .....                  (boots unavailable)
Stlth    ++........             (no amulet)
HPRegen  0.05/turn              (no ring)
MPRegen  0.10/turn              (no ring)

@: no status effects
A: beak, talons 3
a: no special abilities


You were on level 2 of the Dungeon.
You were not hungry.

You visited 1 branch of the dungeon, and saw 2 of its levels.

You collected 34 gold pieces.

Inventory:

Hand Weapons
 h - a +0 short sword (weapon)
 i - a +0 hunting sling
Missiles
 b - 24 stones (quivered)
Armour
 a - a +0 robe (worn)
Scrolls
 d - a scroll of fog {unknown}
 f - a scroll of enchant weapon {unknown}
Potions
 e - a potion of curing {unknown}
 j - a potion of mutation {unknown}
Comestibles
 c - 2 rations


   Skills:
 + Level 0.8 Fighting
 + Level 2.5 Dodging
 - Level 2.0 Stealth
 + Level 2.2 Spellcasting
 * Level 5.2 Summonings


You had 2 spell levels left.
You knew the following spells:

 Your Spells              Type           Power        Failure   Level  Hunger
a - Summon Small Mammal   Summ           ###.         2%          1    #......
b - Call Imp              Summ           ###.....     3%          2    ###....

Your spell library contained the following spells:

 Spells                   Type           Power        Failure   Level  Hunger
 Summon Ice Beast         Ice/Summ       #.......     58%         4    #####..
 Call Canine Familiar     Summ           ###.....     8%          3    ###....
 Summon Lightning Spire   Summ/Air       #.......     58%         4    #####..
 Summon Guardian Golem    Hex/Summ       #.......     22%         3    ###....


Dungeon Overview and Level Annotations

Branches:
Dungeon (2/15)

Altars:


Innate Abilities, Weirdness & Mutations

You have a beak for a mouth.
You have claws for feet.


Message History

The gnoll barely misses you. The bat barely misses you.
Your crimson imp hits the gnoll.
The gnoll misses you. The gnoll hits your rat with a spear!
Your rat dies!
Your rat's corpse disappears in a puff of smoke!
The gnoll closely misses your crimson imp.
The bat hits you but does no damage.
Your crimson imp hits the gnoll.
The bat closely misses you.
The gnoll hits you with an enchanted flail.
* * * LOW HITPOINT WARNING * * *
The bat barely misses you.
You see here a scroll labeled LIS RITHROGU.
A bat comes into view.
The bat barely misses you.
The bat moves out of view.
An adder comes into view.
The bat barely misses you.
A bat comes into view.
The bat closely misses you.
The gnoll hits you from afar with a spear.
You die...

....... .....b.
......S ....... .....
##...... #..# #.# ###
#@####.#
##...#gb..#.#
#.....g?g...#
#............#
#.........g..###.###.
#..........5.........
##..........%###.....
##...##...#.# ....
#### #####.##......


You could see 4 gnolls, an adder (sleeping), 2 bats and a friendly crimson imp.

Vanquished Creatures
  A giant cockroach (D:1)
  2 goblins (D:1)
  A hobgoblin (D:1)
  3 bats (D:1)
  A frilled lizard (D:2)
  A rat (D:1)
9 creatures vanquished.

Vanquished Creatures (collateral kills)
  2 leopard geckos (D:1)
  2 bats (D:1)
  A goblin (D:1)
  2 hobgoblins (D:1)
  4 kobolds (D:1)
  3 frilled lizards (D:1)
  A rat (D:1)
15 creatures vanquished.

Grand Total: 24 creatures vanquished

Notes
Turn   | Place    | Note
-------+----------+-------------------------------------------
     0 | D:1      | Kholdaimon the Tengu Summoner began the quest for the Orb.
     0 | D:1      | Reached XP level 1. HP: 10/10 MP: 4/4
   170 | D:1      | Reached skill level 5 in Summonings
   175 | D:1      | Reached XP level 2. HP: 5/16 MP: 3/6
   394 | D:1      | Learned a level 2 spell: Call Imp
  1153 | D:2      | Slain by a gnoll

Vault maps used:
D:1:      elethiomel_arrival_infinity_welcomes_careful_drivers,
          minmay_misc_feat_five, moated_statue

Skill      XL: |  1 |
---------------+----+-----
Summonings     | 5 |  5.2
Fighting       | |  0.8
Dodging        | |  2.5
Stealth        | |  2.0
Spellcasting   | |  2.2

Action                   || total
-------------------------++-------
Melee: Club              ||     2
       Short sword       ||    21
       Kick              ||     4
       Peck              ||     3
 Cast: Summon Small Mamm ||    16
       Call Imp          ||    16
 Stab: Sleeping          ||     4
  Eat: Chunk             ||     2
Armor: Robe              ||     9
Dodge: Dodged            ||    55

Table legend:
 A = Spawn XP
 B = Non-spawn XP
 C = Spawn XP percentage of total XP
 D = Spawn monster count
 E = Non-spawn monster count
 F = Spawn count percentage of total count
 G = Total turns spent on level
                    A         B        C        D         E        F      G
               +---------+---------+-------+---------+---------+-------+---------
         Total |       0 |      30 |   0.0 |       0 |      24 |   0.0 |  1153
               +---------+---------+-------+---------+---------+-------+---------
           D:1 |       0 |      29 |   0.0 |       0 |      23 |   0.0 |  1125
           D:2 |       0 |       1 |   0.0 |       0 |       1 |   0.0 |    28
               +---------+---------+-------+---------+---------+-------+---------
